 Dungeon Crawl Stone Soup version 0.20.2-3-g29329e0561 (webtiles) character file.

3465 Alfie the Slicer (level 10, -4/86 HPs)
             Began as a Hill Orc Fighter on Jan 30, 2024.
             Slain by a centaur
             ... wielding a +0 flail
              (7 damage)
             ... on level 7 of the Dungeon.
             The game lasted 00:14:36 (5688 turns).

Alfie the Slicer (Hill Orc Fighter)                 Turns: 5688, Time: 00:14:36

Health: -4/86      AC:  8    Str: 23    XL:     10   Next: 6%
Magic:  10/10      EV: 10    Int:  8    God:
Gold:   434        SH: 12    Dex: 12    Spells: 8/9 levels left

rFire    + . .     SeeInvis .   a - +0 rapier
rCold    . . .     Gourm    .   c - +1 shield
rNeg     . . .     Faith    .   b - +1 scale mail
rPois    .         Spirit   .   (no helmet)
rElec    .         Reflect  .   (no cloak)
rCorr    .         Harm     .   (no gloves)
MR       .....                  (no boots)
Stlth    ..........             (no amulet)
Regen    0.3/turn               u - ring of protection from fire
MPRegen  0.2/turn               z - +2 ring of dexterity

@: no status effects
A: no striking features
a: no special abilities


You were on level 7 of the Dungeon.
You were not hungry.

You visited 1 branch of the dungeon, and saw 7 of its levels.

You collected 434 gold pieces.

Inventory:

Hand Weapons
 a - a +0 rapier (weapon)
Missiles
 x - 9 tomahawks (quivered)
Armour
 b - a +1 scale mail (worn)
 c - a +1 shield (worn)
Jewellery
 u - a ring of protection from fire (left hand)
 w - an uncursed ring of protection from fire
 z - a +2 ring of dexterity (right hand)
Wands
 d - a wand of polymorph (15/24)
 p - a wand of paralysis (17/24)
 E - a wand of lightning (7/15)
Scrolls
 f - a scroll of fear {unknown}
 h - 2 scrolls of enchant weapon {unknown}
 i - 2 scrolls of remove curse
 j - a scroll of recharging
 l - 2 scrolls of identify
 m - 2 scrolls of teleportation
 n - a scroll of magic mapping {unknown}
 o - 3 scrolls of blinking
 r - a scroll of amnesia {unknown}
 s - 2 scrolls of fog
Potions
 e - a potion of might
 k - 2 potions of curing
 q - a potion of berserk rage {unknown}
 t - a potion of flight {unknown}
 v - 2 potions of brilliance
 A - a potion of heal wounds
 B - a potion of magic {unknown}
 C - a potion of degeneration {unknown}
Comestibles
 g - 6 meat rations


   Skills:
 + Level 7.0 Fighting
 + Level 8.8 Short Blades
 + Level 1.4 Throwing
 + Level 6.9 Armour
 + Level 3.0 Dodging
 + Level 1.0 Stealth
 + Level 8.0 Shields


You had 8 spell levels left.
You knew the following spells:

 Your Spells              Type           Power        Failure   Level  Hunger
a - Corona                Hex            #......      94%         1    ##.....


Dungeon Overview and Level Annotations

Branches:
Dungeon (7/15)             Temple (0/1) D:6

Altars:
Cheibriados
Kikubaaqudgha
Qazlal
Trog
The Shining One


Message History

The centaur shouts!
The centaur unwields an uncursed flail.
The centaur wields a runed shortbow.
It bursts into flame!
The centaur shoots an arrow.
The arrow hits you!
The centaur shoots an arrow.
The arrow barely misses you.
The centaur shoots an arrow.
You block the arrow.
The centaur shoots an arrow.
You block the arrow.
The centaur shoots an arrow.
The arrow hits you.
The centaur unwields an uncursed shortbow of flaming.
It stops flaming.
The centaur wields an uncursed flail.
The centaur hits you with an uncursed flail!
* * * LOW HITPOINT WARNING * * *
The centaur hits you with an uncursed flail!
* * * LOW HITPOINT WARNING * * *
The centaur barely misses you. You block the centaur's attack.
The centaur hits you with an uncursed flail.
* * * LOW HITPOINT WARNING * * *
The centaur hits you but does no damage.
You block the centaur's attack.
The centaur hits you with an uncursed flail!
You die...

########....######
.......'....'.....
########....###### .(#
#.....'....#
#.#.###.....####.#
#.#.........# #.#
#.#.####....####.# #.#.#
#.......##.. #@#.#
#.#####.#### #c#.# #.#
#.#.# # #.#.# #.#
#.#.####
##..#.#.#.###.###.#.....
.......)............>...
###...#.#......##.##....
#............##.####'#
#..##.######.##.# #.#
#..(..# #.##.####.#


You could see a centaur.

Vanquished Creatures
  A two-headed ogre (D:7)
  The ghost of Alfie the Covered, a novice MiFi (D:5)
  The ghost of Alfie the Skirmisher, an amateur HOFi (D:4)
  A black bear (D:6)
  2 orc warriors
  2 phantoms
  3 ice beasts
  3 ogres (D:6)
  A centaur (D:6)
  3 bullfrogs
  2 scorpions (D:6)
  2 howler monkeys
  A jelly (D:6)
  4 crimson imps
  A bullfrog zombie (D:5)
  A hound (D:7)
  3 orc priests
  A bullfrog skeleton (D:4)
  2 iguanas (D:4)
  9 worker ants
  11 adders
  A shadow imp (D:6)
  4 oozes
  An adder zombie (D:5)
  2 worms
  A dart slug (D:2)
  2 leopard geckos (D:1)
  22 orcs
  5 giant cockroaches
  6 goblins
  6 hobgoblins
  11 jackals
  9 kobolds
  4 quokkas
  A ball python (D:2)
  7 bats
  3 frilled lizards
  7 rats
147 creatures vanquished.

Notes
Turn   | Place    | Note
-------+----------+-------------------------------------------
     0 | D:1      | Alfie the Hill Orc Fighter began the quest for the Orb.
     0 | D:1      | Reached XP level 1. HP: 19/19 MP: 1/1
   111 | D:1      | Reached XP level 2. HP: 22/27 MP: 2/2
   258 | D:1      | Reached XP level 3. HP: 22/33 MP: 3/3
   573 | D:2      | Found an ancient bone altar of Kikubaaqudgha.
   589 | D:2      | Reached XP level 4. HP: 27/40 MP: 4/4
   991 | D:2      | Found a stormy altar of Qazlal.
   994 | D:2      | Found a snail-covered altar of Cheibriados.
   997 | D:2      | Found a glowing golden altar of the Shining One.
  1161 | D:3      | Reached XP level 5. HP: 46/46 MP: 5/5
  1186 | D:3      | Learned a level 1 spell: Corona
  1335 | D:3      | Found a bloodstained altar of Trog.
  1913 | D:4      | Reached XP level 6. HP: 40/52 MP: 6/6
  1929 | D:4      | Reached skill level 1 in Dodging
  1929 | D:4      | Reached skill level 5 in Shields
  2278 | D:4      | Noticed Alfie's ghost (amateur HOFi)
  2294 | D:4      | Killed Alfie's ghost
  2294 | D:4      | Reached XP level 7. HP: 50/60 MP: 7/7
  2413 | D:4      | Reached skill level 5 in Armour
  2416 | D:4      | Reached skill level 5 in Short Blades
  2738 | D:5      | Entered Level 5 of the Dungeon
  2749 | D:5      | Reached skill level 5 in Fighting
  2749 | D:5      | Reached XP level 8. HP: 44/68 MP: 8/8
  2862 | D:5      | Noticed Alfie's ghost (novice MiFi)
  2887 | D:5      | Killed Alfie's ghost
  3284 | D:5      | Reached XP level 9. HP: 32/74 MP: 9/9
  3643 | D:6      | Found a staircase to the Ecumenical Temple.
  4650 | D:6      | Reached skill level 1 in Throwing
  5559 | D:7      | Noticed a two-headed ogre
  5577 | D:7      | Killed a two-headed ogre
  5577 | D:7      | Reached skill level 1 in Stealth
  5577 | D:7      | Reached XP level 10. HP: 14/86 MP: 10/10
  5685 | D:7      | HP: 2/86 [centaur/uncursed flail (5)]
  5688 | D:7      | Slain by a centaur

Skill      XL: |  1  2  3  4  5  6  7  8  9 |
---------------+----------------------------+-----
Shields        | 4 5 6 8 |  8.0
Fighting       | 4 5 7 |  7.0
Short Blades   | 3 4 5 7 8 |  8.8
Armour         | 4 5 6 |  6.9
Dodging        | 1 2 3 |  3.0
Throwing       | 1 |  1.4
Stealth        | 1 |  1.0

Action                   |  1- 3 |  4- 6 |  7- 9 | 10-12 || total
-------------------------+-------+-------+-------+-------++-------
Melee: Rapier            |   125 |   197 |   475 |       ||   797
Throw: Tomahawk          |       |       |    11 |       ||    11
  Use: Potion            |       |     2 |     2 |       ||     4
       Scroll            |       |       |    16 |       ||    16
  Eat: Royal jelly       |       |     1 |     3 |       ||     4
       Bread ration      |       |     1 |     1 |       ||     2
       Fruit             |       |       |     1 |       ||     1
Armor: Scale mail        |    79 |    84 |    89 |     1 ||   253
Dodge: Dodged            |    40 |    52 |   117 |     2 ||   211
Block: Shield            |    72 |    96 |   220 |     4 ||   392
